 Dungeon Crawl Stone Soup version 0.31-a0-175-g9f7f995f2b (webtiles) character file.

Game seed: 9191486085480553439

579 qw the Chopper (level 7, -4/44 HPs)
             Began as a Gargoyle Fighter on June 17, 2023.
             Slain by a lemure (7 damage)
             ... led by Pikel
             ... on level 4 of the Dungeon.
             The game lasted 00:01:36 (2786 turns).

qw the Chopper (Gargoyle Fighter)                   Turns: 2786, Time: 00:01:37

Health: -4/44      AC: 16    Str: 21    XL:     7   Next: 36%
Magic:  7/7        EV:  8    Int:  9    God:
Gold:   195        SH:  4    Dex:  9    Spells: 6/6 levels left

rFire   . . .        Y - +0 war axe
rCold   . . .        c - +0 buckler
rNeg    + . .        o - +0 chain mail
rPois   inf          (no helmet)
rElec   +            (no cloak)
rCorr   .            f - +1 pair of gloves
SInv    .            (no boots)
Will    .....        (no amulet) Stlth
                     (no ring)
HPRegen 0.27/turn    (no ring)
MPRegen 0.10/turn

%: no passive effects
@: about to teleport
A: sickness immunity, AC +4, negative energy resistance 1, electricity
resistance, torment resistance 1, petrification resistance
a: no special abilities


You were on level 4 of the Dungeon.
You visited 1 branch of the dungeon, and saw 4 of its levels.

You collected 195 gold pieces.


Innate Abilities, Weirdness & Mutations

You are immune to sickness and miasma.
Your stone body is resilient. (AC +4)
You are immune to poison.
You resist negative energy. (rN+)
You are resistant to electric shocks. (rElec)
You are resistant to unholy torment.
You are immune to petrification.


   Skills:
 - Level 4.3 Fighting
 + Level 6.6 Axes
 - Level 3.2 Armour
 - Level 1.2 Dodging
 - Level 3.2 Shields


You had 6 spell levels left.
You didn't know any spells.
Your spell library was empty.

Inventory:

Hand Weapons
 e - a +0 whip
 Y - a +0 war axe (weapon)
Missiles
 k - a boomerang (quivered)
Armour
 c - a +0 buckler (worn)
 f - a +1 pair of gloves (worn)
 o - a +0 chain mail (worn)
 p - a +0 helmet
Wands
 q - a wand of digging (4)
Scrolls
 a - a scroll of identify
 i - a scroll of teleportation
 r - a scroll of fog {unknown}
 s - a scroll of immolation {unknown}
Potions
 b - a potion of cancellation {unknown}
 d - a potion of might
 g - a potion of magic {unknown}
 h - a potion of enlightenment {unknown}
 j - a potion of curing
 l - a potion of brilliance {unknown}
 m - a potion of lignification {unknown}
 n - a potion of heal wounds

Dungeon Overview and Level Annotations

Branches:
Dungeon (4/15)
 Temple: D:4-7

Altars:
Xom

Annotations:
D:4 Pikel


Message History

Pikel is moderately wounded.
You barely miss the lemure. You block Pikel's attack.
The lemure hits you but does no damage.
You closely miss Pikel.
Pikel is moderately wounded.
You slash the lemure! Pikel hits you but does no damage.
You block the lemure's attack.
A lemure comes into view.
Pikel hits you but does no damage. The lemure closely misses you.
The lemure shouts!
You hit Pikel.
Pikel is moderately wounded.
You barely miss the lemure.
You hear a shout!
You block Pikel's attack. The lemure hits you.
A lemure comes into view.
You hit Pikel but do no damage.
Pikel is moderately wounded.
You barely miss the lemure. Pikel barely misses you.
The lemure hits you but does no damage.
You barely miss Pikel.
Pikel is moderately wounded.
You miss the lemure. Pikel hits you but does no damage.
You block the lemure's attack.
You hit Pikel but do no damage.
Pikel is moderately wounded.
You slash the lemure! Pikel hits you but does no damage.
The lemure hits you but does no damage. Pikel barely misses you.
The lemure hits you but does no damage.
You barely miss the lemure.
The lemure is heavily wounded.
You hit the lemure. You closely miss Pikel.
Pikel hits you with a +1 whip of flaming.
Pikel burns you. The lemure hits you but does no damage.
2786 ||| READING 2 scrolls of teleportation.
As you read the scroll of teleportation, it crumbles to dust.
You feel strangely unstable.
Pikel hits you with a +1 whip of flaming.
Pikel burns you. The lemure hits you but does no damage. The lemure hits you!
You die...

... #. ..# ##### #####
#.# ....####...# #.# ##
)..........# #.# ..
).....%....# #.# .####
#.........## #.#.....
##[.......# #.#..#
##........######@5..#
##.............K5...#
................5...#
...............##.....:.
..####.........# .......
..# #.+.......# .######
..# ###.......# .# ..#
##'###### .# ..# .#


You could see Pikel and 3 lemures.

Vanquished Creatures
  Grinder (D:3)
  A water moccasin (D:4)
  A kobold brigand (D:3)
  An iguana (D:4)
  Ijyb (D:4)
  Robin (D:4)
  7 adders
  A worm (D:2)
  A dart slug (D:2)
  5 orcs
  6 ball pythons
  7 endoplasms
  3 giant cockroaches
  16 goblins
  8 hobgoblins
  5 quokkas
  3 bats
  3 frilled lizards
  8 kobolds
  10 rats
89 creatures vanquished.

Notes
Turn   | Place    | Note
-------+----------+-------------------------------------------
     0 | D:1      | qw the Gargoyle Fighter began the quest for the Orb.
     0 | D:1      | Reached XP level 1. HP: 14/14 MP: 1/1
     0 | D:1      | 0 ||| qw: Version: 0.3-a-2-g5ab2908
     0 | D:1      | 0 ||| qw: Game counter: 259
     0 | D:1      | 0 ||| qw: Always use a shield: true
     0 | D:1      | 0 ||| qw: God list: Okawaru
     0 | D:1      | 0 ||| qw: Allow faded altars: false
     0 | D:1      | 0 ||| qw: Do Orc after D:15 true
     0 | D:1      | 0 ||| qw: Do second Lair branch before Depths: true
     0 | D:1      | 0 ||| qw: Lair rune preference: random
     0 | D:1      | 0 ||| qw: Plans: Normal, Zot:1-4, Slime:5, God:TSO, Crypt,
                  | Tomb, Abyss, Pan, Hells, Win
     0 | D:1      | 0 ||| PLANNING D:1-11
    56 | D:1      | Reached skill level 2 in Axes
   144 | D:1      | Reached XP level 2. HP: 19/19 MP: 2/2
   162 | D:1      | 162 ||| Stepping ~*~*~tactically~*~*~ (stealth).
   164 | D:1      | 164 ||| Stepping ~*~*~tactically~*~*~ (stealth).
   184 | D:1      | 184 ||| Stepping ~*~*~tactically~*~*~ (stealth).
   245 | D:1      | 245 ||| Stepping ~*~*~tactically~*~*~ (stealth).
   261 | D:1      | 261 ||| Stepping ~*~*~tactically~*~*~ (hiding).
   452 | D:1      | Reached skill level 3 in Axes
   589 | D:1      | Reached XP level 3. HP: 17/23 MP: 3/3
   769 | D:1      | Found a shimmering altar of Xom.
   775 | D:1      | 775 ||| READING scroll labelled QYNTOAC VOYDE.
   777 | D:1      | 777 ||| READING scroll labelled SYOFUG SELUCI.
   842 | D:2      | Found a faded altar of an unknown god.
  1190 | D:2      | 1190 ||| Stepping ~*~*~tactically~*~*~ (stealth).
  1199 | D:2      | 1199 ||| Stepping ~*~*~tactically~*~*~ (stealth).
  1207 | D:2      | 1207 ||| Stepping ~*~*~tactically~*~*~ (stealth).
  1439 | D:2      | Reached XP level 4. HP: 28/28 MP: 4/4
  1567 | D:2      | Reached skill level 4 in Axes
  1749 | D:2      | 1749 ||| UPGRADING to +0 pair of gloves.
  1754 | D:2      | 1754 ||| READING 2 scrolls labelled AMUROR COJONO.
  1755 | D:2      | 1755 ||| DRINKING 2 cyan potions.
  1769 | D:3      | Identified the +9 sling of the Many Nights {elec, +Blink
                  | rElec rPois Str-5}
  1798 | D:3      | Noticed Grinder
  1807 | D:3      | 1807 ||| FLEEEEING.
  1808 | D:3      | 1808 ||| FLEEEEING.
  1812 | D:3      | Paralysed by Grinder for 5 turns
  1818 | D:3      | 1818 ||| Stepping ~*~*~tactically~*~*~ (hiding).
  1823 | D:3      | HP: 7/28 [Grinder (8)]
  1824 | D:3      | 1824 ||| DRINKING potion of heal wounds.
  1825 | D:3      | Paralysed by Grinder for 3 turns
  1829 | D:3      | Killed Grinder
  1830 | D:3      | Reached skill level 5 in Axes
  1830 | D:3      | Reached XP level 5. HP: 20/32 MP: 5/5
  1830 | D:3      | Reached XP level 6. HP: 23/37 MP: 6/6
  1921 | D:3      | 1921 ||| READING scroll of enchant armour.
  1921 | D:3      | 1921 ||| ENCHANTING +0 pair of gloves.
  2145 | D:3      | 2145 ||| Stepping ~*~*~tactically~*~*~ (stealth).
  2445 | D:3      | 2445 ||| UPGRADING to +0 chain mail.
  2455 | D:3      | 2455 ||| DROPPING +0 scale mail.
  2456 | D:3      | 2456 ||| READING scroll labelled CEICETINUD.
  2506 | D:3      | 2506 ||| DRINKING 2 bubbling grey potions.
  2552 | D:4      | Reached skill level 6 in Axes
  2617 | D:4      | Noticed Robin
  2618 | D:4      | 2618 ||| Stepping ~*~*~tactically~*~*~ (stealth).
  2621 | D:4      | Noticed Ijyb
  2635 | D:4      | Killed Robin
  2646 | D:4      | Killed Ijyb
  2647 | D:4      | Reached skill level 1 in Dodging
  2647 | D:4      | Reached XP level 7. HP: 27/44 MP: 7/7
  2757 | D:4      | 2757 ||| Stepping ~*~*~tactically~*~*~ (hiding).
  2759 | D:4      | 2759 ||| Stepping ~*~*~tactically~*~*~ (hiding).
  2766 | D:4      | Noticed Pikel
  2785 | D:4      | HP: 11/44 [Pikel/+1 whip of flaming (2)]
  2786 | D:4      | 2786 ||| READING 2 scrolls of teleportation.
  2786 | D:4      | HP: 3/44 [Pikel/+1 whip of flaming (3)]
  2786 | D:4      | Slain by a lemure

Levels and vault maps discovered:
D:1:      dpeg_arrival_lava_altar, layout_loops_cross, kennysheep_flooded_box
D:2:      layout_loops_corners, basic_ecumenical_altar, st_stairs_5,
          minmay_statues_item
D:3:      layout_loops_ring, uniq_grinder
D:4:      layout_basic, nicolae_goblin_pals, uniq_pikel

Skill      XL: |  1  2  3  4  5  6 |
---------------+-------------------+-----
Axes           | 2 3 5 6 |  6.6
Fighting       | 4 |  4.3
Dodging        | 1 |  1.2
Armour         | |  3.2
Shields        | |  3.2

Action                     |  1- 3 |  4- 6 |  7- 9 || total
---------------------------+-------+-------+-------++-------
  Melee: War axe           |   122 |   108 |    26 ||   256
  Throw: Boomerang         |       |    37 |     5 ||    42
    Use: Scroll            |     2 |     3 |     1 ||     6
         Potion            |       |     3 |       ||     3
 Armour: Scale mail        |    54 |    19 |       ||    73
         Chain mail        |       |    34 |    31 ||    65
  Dodge: Dodged            |    45 |    38 |    23 ||   106
  Block: Buckler           |    21 |    17 |    10 ||    48

Table legend:
 A = Non-vault XP
 B = Vault XP
 C = Vault XP percentage of total XP
 D = Non-vault monster count
 E = Vault monster count
 F = Vault count percentage of total count
                 A         B        C        D         E       F
            +---------+---------+-------+---------+---------+-------
      Total |     498 |     330 |  39.9 |      77 |      12 |  13.5
            +---------+---------+-------+---------+---------+-------
        D:1 |      35 |       0 |   0.0 |      22 |       0 |   0.0
        D:2 |      70 |       4 |   5.4 |      25 |       3 |  10.7
        D:3 |     149 |     262 |  63.7 |      17 |       1 |   5.6
        D:4 |     244 |      64 |  20.8 |      13 |       8 |  38.1
            +---------+---------+-------+---------+---------+-------
